 Dungeon Crawl Stone Soup version 0.14-a0-3247-g5fd345f (webtiles) character file.

19869 4tharraofdagon the Gouger (level 12, -12/67 HPs)
             Began as a Felid Berserker on Mar 12, 2014.
             Was an Elder of Trog.
             Mangled by a slime creature (13 damage)
             ... while paralysed by a giant eyeball
             ... on Level 2 of the Depths.
             The game lasted 00:36:13 (5616 turns).

4tharraofdagon the Gouger (Felid Berserker)         Turns: 5616, Time: 00:36:13

HP -12/67        AC  6     Str 22      XL: 12   Next: 35%
MP  28/28        EV  4     Int 10      God: Trog [****..]
Gold 500         SH  0     Dex 17      Spells:  0 memorised, 11 levels left
Lives: 0, deaths: 3

rFire  + . .     SeeInvis +       - Unarmed
rCold  + + .     Clarity  +     (armour unavailable)
rNeg   . . .     Conserve +     (shield unavailable)
rPois  .         rCorr    .     (helmet unavailable)
rElec  .         rRot     .     (cloak unavailable)
SustAb . .       Spirit   .     (gloves unavailable)
rMut   .         Warding  .     (boots unavailable)
Saprov . . .     Stasis   .     o - amulet of conservation
MR     +....                    D - ring of protection from fire
                                f - +3 ring of protection

@: paralysed, berserking (expiring), quick, somewhat resistant to hostile
enchantments, extremely unstealthy
A: paw claws, no armour, no weapons or thrown items, fangs 3, see invisible,
berserk 2, carnivore 3, clarity, clever 1, cold resistance 1, deterioration 2,
speed 1, frail 2, shaggy fur 3, slow metabolism 1, jump 3
a: Jump Attack, Burn Spellbooks, Berserk, Trog's Hand, Brothers in Arms,
Renounce Religion


You were on level 2 of the Depths.
You worshipped Trog.
Trog was greatly pleased with you.
You were completely stuffed.

You visited 2 branches of the dungeon, and saw 17 of its levels.
You also visited: Ossuary.

You collected 546 gold pieces.
You spent 46 gold pieces at shops.

Inventory:

Magical devices
 j - a wand of teleportation (7)
 u - a wand of fireball (1)
 z - a wand of invisibility (1)
 F - a wand of flame (12)
Comestibles
 I - a meat ration
Scrolls
 b - a scroll of recharging
 c - 2 scrolls of fear {unknown}
 d - a scroll of enchant weapon I
 e - 3 scrolls of magic mapping {unknown}
 h - 7 scrolls of remove curse
 k - a scroll of blinking
 n - 3 scrolls of teleportation
 v - a scroll of random uselessness {unknown}
 w - 2 scrolls of immolation {unknown}
 y - 2 scrolls of vulnerability {unknown}
 A - a scroll of summoning {unknown}
 B - a scroll of silence {unknown}
 E - a scroll of amnesia {unknown}
Jewellery
 f - a +3 ring of protection (left paw)
 i - a cursed ring of flight
 m - a +1 ring of evasion
 o - an amulet of conservation (around neck)
 x - an uncursed ring of sustenance
 C - an uncursed ring of teleportation
 D - a ring of protection from fire (right paw)
Potions
 a - a potion of haste
 g - 5 potions of curing
 l - 3 potions of magic
 p - a potion of decay
 q - 2 potions of agility
 r - 3 potions of heal wounds
 s - a potion of flight
 t - 2 potions of paralysis
 H - a potion of lignification
 K - a potion of blood


   Skills:
 + Level 9.2 Fighting
 + Level 12.2 Dodging
 + Level 11.7 Stealth
 * Level 14.1 Unarmed Combat
 + Level 10.1 Evocations


You had 11 spell levels left.
You didn't know any spells.

Dungeon Overview and Level Annotations

Branches:
Dungeon (15/15)            Temple (0/1) D:4          Depths (2/5) D:15
    Orc: D:9-12        Lair: D:8-11      Vaults: D:13-14

Altars:
Nemelex Xobeh
Okawaru
Trog
Xom

Shops:
D:12 *


Innate Abilities, Weirdness & Mutations

You cannot wear armour.
You are incapable of wielding weapons or throwing items.
Your paws have sharp claws.
You have razor-sharp teeth.
You have supernaturally acute eyesight.
You are carnivorous and can eat meat at any time.
You cover ground quickly.
Your thick and shaggy fur keeps you warm (AC +3, rC+).
You have a slow metabolism.
You can jump attack at a long distance.
You often lose your temper in combat.
You possess an exceptional clarity of mind.
Your mind is acute. (Int +2)
Your flesh is cold resistant.
Your body is deteriorating.
You are very frail (-20% HP).


Message History

Trog accepts your kill.
You can now call in reinforcements.
The fire giant zombie hits you!
You mangle the fire giant zombie!! You mangle the fire giant zombie!!
The fire giant zombie hits you!
Unknown command.
You feel a strong urge to attack something.
Unknown command.
You mangle the slime creature!!
The slime creature is moderately wounded.
You mangle the slime creature!!
The slime creature is severely wounded.
The slime creature hits you! The giant eyeball stares at you.
You suddenly lose the ability to move!
The fire giant zombie hits you. The slime creature hits you!
* * * LOW HITPOINT WARNING * * *
An ice beast comes into view.
The fire giant zombie hits you!
* * * LOW HITPOINT WARNING * * *
The slime creature hits you!
You die...

# .G#
#########....#
#..@J.<.G....#
#.Z######....#
#..)zZJ.......
#.....)######..
# #......#
......###
≈.≈≈≈≈ ≈≈≈≈I
≈≈≈≈


You could see a slime creature, an ice beast, a giant eyeball and a fire giant
zombie.

Vanquished Creatures
  Josephine (D:13)
  2 tengu warriors (D:15)
  An ogre mage (D:15)
  A hell knight (D:15)
  2 centaur warriors (D:15)
  A necromancer (Depths:2)
  An orc knight (D:15)
  3 hill giants
  An unseen horror (D:11)
  A manticore (D:12)
  2 cyclopes
  Maurice (D:13)
  5 yaktaurs (Depths:1)
  2 centaur zombies (D:13)
  A raven (D:11)
  A hydra skeleton (D:13)
  2 shadows
  7 slime creatures
  A deep elf mage (D:13)
  A vampire (D:15)
  A hungry ghost (D:12)
  A wraith (D:12)
  13 ugly things
  Grum (D:12)
  3 hippogriffs
  2 vampire mosquitoes (D:15)
  A necrophage (D:8)
  A gargoyle (D:13)
  4 wolves (D:12)
  Edmund (D:4)
  5 orc warriors
  A water moccasin (D:6)
  A black bear (D:12)
  3 sky beasts
  A yellow wasp (D:13)
  22 centaurs
  5 ogres
  A crocodile (D:13)
  3 elf zombies
  A komodo dragon zombie (D:13)
  5 giant frogs
  2 big kobolds
  An elf skeleton (D:6)
  A troll zombie (D:12)
  12 killer bees
  A wight (D:15)
  4 crimson imps
  A goliath beetle (D:10)
  A yaktaur simulacrum (D:15)
  2 human zombies
  2 iguanas
  5 orc priests
  2 hounds
  2 human skeletons (D:6)
  A worker ant (D:5)
  A black bear zombie (D:4)
  3 orc wizards
  Natasha (D:3)
  4 sheep (D:11)
  A sky beast zombie (D:6)
  A big kobold zombie (Ossuary)
  A hound zombie (D:7)
  4 mummies (Ossuary)
  7 gnolls
  3 adders
  A shadow imp (D:15)
  4 worms
  An iguana zombie (D:5)
  2 adder zombies (Ossuary)
  A giant eyeball (D:4)
  3 giant geckos
  31 orcs
  3 giant cockroaches
  12 hobgoblins
  4 jackals (D:9)
  21 kobolds
  2 quokkas
  5 bats
  A giant cockroach zombie (D:5)
  A giant gecko zombie (D:7)
  2 giant newts
  A giant newt zombie (D:5)
  4 goblins
  2 goblin zombies (Ossuary)
  A jackal zombie (Ossuary)
  An orc skeleton (D:6)
  3 orc zombies
  10 rats
  A rat skeleton (D:4)
  A rat zombie (Ossuary)
  4 ballistomycetes
298 creatures vanquished.

Vanquished Creatures (collateral kills)
  An ettin (D:15)
  An ogre mage (D:15)
  A hydra simulacrum (D:15)
  2 wights (D:15)
5 creatures vanquished.

Vanquished Creatures (others)
  An ogre (D:15)
  3 giant spores
  A kobold zombie (Ossuary)
  A ballistomycete (D:12)
6 creatures vanquished.

Grand Total: 309 creatures vanquished

Notes
Turn   | Place    | Note
--------------------------------------------------------------
     0 | D:1      | 4tharraofdagon, the Felid Berserker, began the quest for the Orb.
     0 | D:1      | Reached XP level 1. HP: 10/10 MP: 2/2
   127 | D:2      | Reached skill level 1 in Stealth
   127 | D:2      | Reached XP level 2. HP: 14/14 MP: 3/3
   323 | D:3      | Noticed Natasha
   328 | D:3      | Killed Natasha
   328 | D:3      | Reached XP level 3. HP: 17/17 MP: 5/5
   356 | D:4      | Found a staircase to the Ecumenical Temple.
   358 | D:4      | Acquired Trog's second power
   407 | D:4      | Paralysed by a giant eyeball for 2 turns
   418 | D:4      | Reached XP level 4. HP: 12/21 MP: 7/7
   438 | D:4      | HP: 1/21 [black bear zombie (4)]
   442 | D:4      | Reached skill level 5 in Dodging
   492 | D:3      | Reached XP level 5. HP: 24/24 MP: 8/8
   546 | D:4      | Noticed a sky beast
   560 | D:4      | Killed a sky beast
   652 | D:4      | Gained mutation: You are covered in thick fur (AC +2). [growing up]
   652 | D:4      | Gained mutation: You can jump attack at a medium distance. [growing up]
   652 | D:4      | Reached XP level 6. HP: 12/28 MP: 10/10
   692 | D:4      | Noticed a scorpion
   734 | D:5      | Entered Level 5 of the Dungeon
   740 | D:5      | Reached skill level 5 in Unarmed Combat
   740 | D:5      | Reached skill level 1 in Evocations
   892 | D:5      | Gained mutation: You tend to lose your temper in combat. [potion of mutation]
   892 | D:5      | Gained mutation: Your flesh is cold resistant. [potion of mutation]
   892 | D:5      | Gained mutation: You often lose your temper in combat. [potion of mutation]
   893 | D:5      | Gained mutation: Your body is slowly deteriorating. [potion of mutation]
   893 | D:5      | Gained mutation: Your body is deteriorating. [potion of mutation]
   893 | D:5      | Gained mutation: Your mind is acute. (Int +2) [potion of mutation]
   928 | D:4      | Noticed Edmund
   935 | D:4      | Killed Edmund
   935 | D:4      | Reached skill level 6 in Dodging
   935 | D:4      | Reached XP level 7. HP: 32/32 MP: 12/14
  1067 | D:6      | Found an iron altar of Okawaru.
  1267 | D:6      | Reached skill level 5 in Stealth
  1272 | D:6      | Reached XP level 8. HP: 36/36 MP: 17/17
  1341 | D:6      | Found a sand-covered staircase.
  1374 | D:6      | Reached skill level 7 in Dodging
  1379 | Ossuary  | Entered an ossuary
  1442 | Ossuary  | Reached skill level 5 in Fighting
  1890 | D:7      | Gained mutation: Your flesh is very cold resistant. [potion of mutation]
  1890 | D:7      | Gained mutation: You are frail (-10% HP). [potion of mutation]
  1890 | D:7      | Gained mutation: Space occasionally distorts in your vicinity. [potion of mutation]
  2097 | D:7      | WTF
  2098 | D:7      | +1k
  2111 | D:8      | Found a bloodstained altar of Trog.
  2111 | D:8      | Noticed a moth of wrath
  2270 | D:8      | Reached skill level 5 in Evocations
  2270 | D:8      | Reached XP level 9. HP: 36/36 MP: 20/20
  2367 | D:9      | Acquired Trog's third power
  2479 | D:10     | Entered Level 10 of the Dungeon
  2483 | D:10     | Reached skill level 8 in Dodging
  2722 | D:11     | Found a shimmering altar of Xom.
  2800 | D:10     | Noticed a centaur warrior
  2806 | D:10     | Shot with an arrow by a centaur warrior
  2807 | D:10     | Reached XP level 8. HP: -6/35 MP: 20/20
  2822 | D:10     | Reached skill level 9 in Dodging
  2847 | D:11     | Noticed an unseen horror
  2875 | D:11     | Killed an unseen horror
  2875 | D:11     | Reached XP level 9. HP: 21/37 MP: 21/21
  2923 | D:11     | Noticed a cyclops
  2950 | D:11     | Killed a cyclops
  3278 | D:12     | Noticed Grum
  3295 | D:12     | Found Daaqy's Assorted Antiques.
  3340 | D:12     | Bought a scroll labeled QEORCH XAFE LAX for 23 gold pieces
  3340 | D:12     | Bought a scroll labeled FUOLOCUMESS for 23 gold pieces
  3409 | D:12     | Killed Grum
  3414 | D:12     | Reached XP level 10. HP: 42/42 MP: 24/24
  3459 | D:12     | Noticed a hill giant
  3462 | D:12     | Noticed a manticore
  3488 | D:12     | Killed a hill giant
  3494 | D:12     | Killed a manticore
  3494 | D:12     | Reached skill level 10 in Dodging
  3494 | D:12     | Reached skill level 10 in Unarmed Combat
  3606 | D:12     | Noticed a hill giant
  3637 | D:12     | Killed a hill giant
  3779 | D:12     | Noticed a cyclops
  3790 | D:12     | Killed a cyclops
  3790 | D:12     | Reached skill level 10 in Stealth
  3852 | D:12     | Lost mutation: Space occasionally distorts in your vicinity. [mutagenic meat]
  3853 | D:12     | Gained mutation: You possess an exceptional clarity of mind. [mutagenic meat]
  3986 | D:11     | Gained mutation: You are very frail (-20% HP). [mutagenic meat]
  3987 | D:11     | Lost mutation: Your flesh is very cold resistant. [mutagenic meat]
  4048 | D:12     | Reached XP level 11. HP: 40/40 MP: 25/25
  4424 | D:13     | Noticed Josephine
  4432 | D:13     | Reached skill level 11 in Unarmed Combat
  4439 | D:13     | Killed Josephine
  4609 | D:13     | Noticed Maurice
  4617 | D:13     | Killed Maurice
  4782 | D:15     | Entered Level 15 of the Dungeon
  4802 | D:15     | Slain by an orc warrior
  4803 | D:15     | Reached XP level 10. HP: -1/39 MP: 25/25
  4813 | D:15     | Noticed a centaur warrior
  4823 | D:15     | Killed a centaur warrior
  4824 | D:15     | Found a sparkling altar of Nemelex Xobeh.
  4914 | D:15     | Noticed a centaur warrior
  4919 | D:15     | Mangled by a centaur warrior
  4920 | D:15     | Reached XP level 9. HP: -7/36 MP: 23/23
  4983 | D:15     | Reached XP level 10. HP: 27/39 MP: 25/25
  5079 | D:15     | Noticed a centaur warrior
  5088 | D:15     | Killed a centaur warrior
  5170 | D:15     | Noticed a tengu warrior
  5177 | D:15     | Noticed an ettin
  5185 | D:15     | Killed a tengu warrior
  5193 | D:15     | Noticed an ogre mage
  5202 | D:15     | Killed an ettin
  5202 | D:15     | Reached skill level 12 in Unarmed Combat
  5207 | D:15     | Killed an ogre mage
  5232 | D:15     | Noticed a tengu warrior
  5243 | D:15     | Killed a tengu warrior
  5293 | D:15     | Reached skill level 13 in Unarmed Combat
  5293 | D:15     | Reached XP level 11. HP: 42/42 MP: 27/27
  5303 | D:15     | Found a staircase to the Depths.
  5306 | D:15     | Noticed an ogre mage
  5321 | D:15     | Killed an ogre mage
  5321 | D:15     | Gained mutation: Your thick and shaggy fur keeps you warm (AC +3, rC+). [growing up]
  5321 | D:15     | Gained mutation: You can jump attack at a long distance. [growing up]
  5321 | D:15     | Reached XP level 12. HP: 45/45 MP: 28/28
  5345 | D:15     | Noticed a hell knight
  5389 | D:15     | Killed a hell knight
  5434 | D:15     | Reached skill level 14 in Unarmed Combat
  5484 | Depths:1 | Entered Level 1 of the Depths
  5492 | Depths:1 | Reached skill level 10 in Evocations
  5614 | Depths:2 | Paralysed by a giant eyeball for 2 turns
  5616 | Depths:2 | HP: 1/67 [fire giant zombie[a necromancer] (11)]
  5616 | Depths:2 | Mangled by a slime creature

Action                   |  1- 3 |  4- 6 |  7- 9 | 10-12 || total
-------------------------+-------+-------+-------+-------++-------
Melee: Unarmed           |    56 |    92 |   494 |   435 ||  1077
Invok: Berserk           |     3 |     5 |    12 |    19 ||    39
       Trog's Hand       |       |     3 |    15 |    21 ||    39
       Brothers in Arms  |       |       |     1 |     1 ||     2
 Abil: Jump Attack       |       |       |       |     1 ||     1
Evoke: Wand              |       |     1 |     2 |       ||     3
  Use: Potion            |       |     5 |     1 |     5 ||    11
       Scroll            |       |     2 |    10 |     7 ||    19
 Stab: Sleeping          |     5 |     2 |    22 |     7 ||    36
       Distracted        |       |       |     3 |     2 ||     5
       Confused          |       |       |       |     1 ||     1
